 Dungeon Crawl Stone Soup version 0.23.0 (webtiles) character file.

Game seed: 7517266661033007608

5846 TwistedFlax the Basher (level 10, -3/96 HPs)
             Began as a Minotaur Berserker on Feb 11, 2019.
             Was a High Priest of Trog.
             Slain by an unseen horror (10 damage)
             ... on level 10 of the Dungeon.
             The game lasted 00:14:35 (8327 turns).

TwistedFlax the Basher (Minotaur Berserker)         Turns: 8327, Time: 00:14:36

Health: -3/96      AC:  7    Str: 25    XL:     10   Next: 51%
Magic:  9/9        EV: 11    Int:  4    God:    Trog [*****.]
Gold:   689        SH:  0    Dex: 10    Spells: 9/9 levels left

rFire    + . .     SeeInvis .   b - +0 morningstar
rCold    . . .     Gourm    .   (no shield)
rNeg     . . .     Faith    .   k - +2 ring mail {rF+}
rPois    .         Spirit   .   (helmet restricted)
rElec    .         Reflect  .   (no cloak)
rCorr    .         Harm     .   (no gloves)
MR       .....                  (no boots)
Stlth    ..........             (no amulet)
HPRegen  0.26/turn              (no ring)
MPRegen  0.11/turn              (no ring)

@: no status effects
A: retaliatory headbutt, horns 2
a: Berserk, Trog's Hand, Brothers in Arms, Renounce Religion


You were on level 10 of the Dungeon.
You worshipped Trog.
Trog was extremely pleased with you.
You were very hungry.

You visited 1 branch of the dungeon, and saw 10 of its levels.
You also visited: Sewer.

You collected 689 gold pieces.

Inventory:

Hand Weapons
 a - a +3 dire flail of holy wrath
 b - a +0 morningstar (weapon)
 r - a +2 flail of crushing
Armour
 k - a +2 ring mail of fire resistance (worn)
Jewellery
 i - an uncursed ring of protection from magic {unknown}
 s - an uncursed ring of poison resistance {unknown}
Wands
 h - a wand of enslavement (7)
 m - a wand of disintegration (13)
Scrolls
 f - 2 scrolls of blinking
 j - a scroll of magic mapping
 o - 3 scrolls of teleportation
 p - a scroll of fear
 u - a scroll of acquirement {unknown}
 v - a scroll of remove curse
Potions
 d - a potion of mutation
 e - 2 potions of agility
 g - a potion of might
 l - a potion of heal wounds
 n - a potion of magic {unknown}
 q - a potion of degeneration {unknown}
 t - 2 potions of cancellation
 w - a potion of lignification {unknown}
Comestibles
 c - 18 rations


   Skills:
 - Level 11.6 Fighting
 * Level 14.8 Maces & Flails
 - Level 2.4 Armour
 - Level 2.1 Dodging


You had 9 spell levels left.
You didn't know any spells.
Your spell library was empty.

Dungeon Overview and Level Annotations

Branches:
Dungeon (9/15)             Temple (0/1) D:5
   Lair: D:8-11         Orc: D:9-12

Altars:
Ashenzari
Cheibriados
Gozag
Kikubaaqudgha
Makhleb
Nemelex Xobeh
Xom
Zin


Innate Abilities, Weirdness & Mutations

You reflexively headbutt those who attack you in melee.
You have a pair of horns on your head.


Message History

You kill the orc!
Trog accepts your kill. Something hits you!
* * * LOW HITPOINT WARNING * * *
Something hits you.
* * * LOW HITPOINT WARNING * * *
Things that are here:
a +0 club; an orc corpse Something hits you but does no damage.
Something hits you.
* * * LOW HITPOINT WARNING * * *
Something hits you.
* * * LOW HITPOINT WARNING * * *
Something hits you.
* * * LOW HITPOINT WARNING * * *
Something hits you.
* * * LOW HITPOINT WARNING * * *
Something hits you!
* * * LOW HITPOINT WARNING * * *
Something hits you!
You die...

#.## ##..####
####......##
###..........#
##............#
.............##
..............###
..>...{.........##
.......@....###..###
### ............#
###..###..
...........##
###..#..
...........# ###(..
..........## ##..
..........# ###
.........## #
........## #


There were no monsters in sight!

Vanquished Creatures
  Harold (D:7)
  A hornet (D:8)
  A hippogriff (D:9)
  Sigmund (D:4)
  A soldier ant (D:8)
  Duvessa (D:5)
  An orc warrior (D:7)
  2 black bears
  2 ice beasts
  2 sky beasts
  4 ogres
  A phantom (D:4)
  A centaur (D:5)
  A big kobold (D:7)
  3 bullfrogs
  Dowan (D:5)
  3 scorpions
  15 killer bees
  4 wights (D:6)
  6 howler monkeys
  2 crimson imps (D:8)
  3 centaur zombies
  A bullfrog skeleton (D:6)
  3 centaur skeletons
  A gnoll shaman (D:7)
  3 orc priests
  4 hounds
  2 jellies
  5 iguanas
  Ijyb (D:4)
  Natasha (D:4)
  2 orc wizards
  6 worker ants
  2 hound skeletons
  A worker ant zombie (D:10)
  10 gnolls
  14 adders
  2 shadow imps
  23 oozes
  3 adder skeletons
  2 adder zombies (D:8)
  A worm (D:2)
  2 dart slugs (D:2)
  16 leopard geckos
  17 orcs
  11 ball pythons
  8 bats
  16 giant cockroaches
  8 goblins
  8 hobgoblins
  5 jackals
  10 kobolds
  3 quokkas
  A ball python zombie (D:4)
  16 frilled lizards
  A jackal skeleton (D:5)
  6 rats
  A bush (D:2)
273 creatures vanquished.

Notes
Turn   | Place    | Note
-------+----------+-------------------------------------------
     0 | D:1      | TwistedFlax the Minotaur Berserker began the quest for the
                  | Orb.
     0 | D:1      | Reached XP level 1. HP: 19/19 MP: 0/0
   202 | D:1      | Reached skill level 4 in Maces & Flails
   314 | D:1      | Reached XP level 2. HP: 26/26 MP: 1/1
   763 | D:2      | Reached skill level 5 in Maces & Flails
   777 | D:2      | Reached XP level 3. HP: 31/31 MP: 2/2
   996 | D:2      | Reached skill level 6 in Maces & Flails
   996 | D:2      | Reached XP level 4. HP: 17/39 MP: 3/3
  1307 | D:2      | Reached ** piety under Trog
  1489 | D:2      | Found a sparkling altar of Nemelex Xobeh.
  1671 | D:2      | Found a glowing silver altar of Zin.
  1671 | D:2      | Found a shimmering altar of Xom.
  1676 | D:2      | Found a faded altar of an unknown god.
  1713 | D:2      | Found a shattered altar of Ashenzari.
  1714 | D:2      | Found an opulent altar of Gozag.
  2161 | D:3      | Found a glowing drain.
  2166 | D:3      | Reached XP level 5. HP: 45/45 MP: 4/4
  2171 | D:3      | Reached skill level 7 in Maces & Flails
  2184 | Sewer    | Entered a sewer
  2271 | Sewer    | Reached *** piety under Trog
  2361 | Sewer    | Reached skill level 8 in Maces & Flails
  2478 | Sewer    | Reached XP level 6. HP: 49/51 MP: 5/5
  2569 | Sewer    | Reached **** piety under Trog
  2576 | Sewer    | Reached skill level 9 in Maces & Flails
  3064 | D:3      | Found a burning altar of Makhleb.
  3245 | D:4      | Reached XP level 7. HP: 52/57 MP: 6/6
  3292 | D:4      | Noticed Sigmund
  3304 | D:4      | Killed Sigmund
  3304 | D:4      | Reached skill level 10 in Maces & Flails
  3440 | D:4      | Noticed Ijyb
  3453 | D:4      | Killed Ijyb
  3928 | D:4      | Noticed Natasha
  3934 | D:4      | Killed Natasha
  4055 | D:4      | Reached skill level 11 in Maces & Flails
  4191 | D:5      | Entered Level 5 of the Dungeon
  4304 | D:5      | Reached XP level 8. HP: 57/64 MP: 7/7
  4570 | D:5      | Reached skill level 12 in Maces & Flails
  4575 | D:5      | Noticed Duvessa
  4578 | D:5      | Noticed Dowan
  4583 | D:5      | Killed Duvessa
  4587 | D:5      | Killed Dowan
  4710 | D:5      | Found a staircase to the Ecumenical Temple.
  5133 | D:6      | You fall through a shaft for 3 floors!
  5136 | D:9      | Noticed a hippogriff
  5137 | D:9      | Reached skill level 13 in Maces & Flails
  5154 | D:9      | Killed a hippogriff
  5156 | D:9      | Reached ***** piety under Trog
  5156 | D:9      | Reached XP level 9. HP: 51/70 MP: 8/8
  5157 | D:9      | Reached skill level 14 in Maces & Flails
  5169 | D:9      | Reached skill level 5 in Fighting
  5819 | D:7      | Noticed Harold
  5832 | D:7      | Killed Harold
  6057 | D:6      | Reached skill level 10 in Fighting
  6245 | D:6      | Reached XP level 10. HP: 73/94 MP: 9/9
  7372 | D:8      | Received a gift from Trog
  7775 | D:8      | Found an ancient bone altar of Kikubaaqudgha.
  8081 | D:8      | Found a snail-covered altar of Cheibriados.
  8284 | D:8      | You fall through a shaft for 2 floors!
  8284 | D:10     | Entered Level 10 of the Dungeon
  8327 | D:10     | Slain by an unseen horror

Skill      XL: |  1  2  3  4  5  6  7  8  9 10 |
---------------+-------------------------------+-----
Maces & Flails | 4 5 6 8 9 11 13 14 | 14.8
Fighting       | 10 11 | 11.6
Armour         | |  2.4
Dodging        | |  2.1

Action                   |  1- 3 |  4- 6 |  7- 9 | 10-12 || total
-------------------------+-------+-------+-------+-------++-------
Melee: Mace              |    50 |   266 |       |       ||   316
       Headbutt          |     9 |    50 |    37 |    22 ||   118
       Flail             |       |    32 |   226 |    85 ||   343
       Morningstar       |       |       |       |    41 ||    41
       Dire flail        |       |       |       |     1 ||     1
Invok: Berserk           |       |       |     4 |       ||     4
       Trog's Hand       |       |       |     1 |       ||     1
  Use: Scroll            |     5 |     4 |     3 |     5 ||    17
       Potion            |       |       |     3 |       ||     3
  Eat: Chunk             |       |     8 |    10 |     6 ||    24
       Ration            |       |       |     1 |       ||     1
Armor: Scale mail        |    19 |   128 |       |       ||   147
       Ring mail         |       |       |    49 |    61 ||   110
Dodge: Dodged            |    28 |   190 |   114 |    73 ||   405
